 Dungeon Sprint DCSS version 0.20.0-15-g7f486f2 (webtiles) character file.

213 Kakkamies the Archer (level 5, -2/50 HPs)
             Began as a Centaur Hunter on June 20, 2017.
             Was an Initiate of Okawaru.
             Slain by a troll (9 damage)
             ... in the Dungeon (Sprint IX: "|||||||||||||||||||||||||||||").
             The game lasted 00:06:27 (335 turns).

Kakkamies the Archer (Centaur Hunter)                Turns: 335, Time: 00:06:28

Health: -2/50      AC:  8    Str: 14    XL:     5   Next: 59%
Magic:  5/5        EV:  7    Int: 10    God:    Okawaru [......]
Gold:   0          SH:  0    Dex: 11    Spells: 4/4 levels left

rFire    . . .     SeeInvis .   q - +0 lajatang
rCold    . . .     Gourm    .   (shield currently unavailable)
rNeg     . . .     Faith    .   s - +1 scale mail
rPois    .         Spirit   .   r - +0 helmet
rElec    .         Reflect  .   (no cloak)
rCorr    .         Harm     .   (no gloves)
MR       .....     NoTele   +   (no barding)
Stlth    ..........             (no amulet)
Regen    0.2/turn               (no ring)
MPRegen  0.1/turn               (no ring)

@: hasted, very quick
A: hooves 3, deformed body, speed 2, tough skin 3
a: Renounce Religion


You were in the Dungeon.
You worshipped Okawaru.
Okawaru was noncommittal.
You were not hungry.

You visited 1 branch

Inventory:

Hand Weapons
 a - a +1 shortbow
 b - a +0 short sword
 q - a +0 lajatang (weapon)
Armour
 r - a +0 helmet (worn)
 s - a +1 scale mail (worn)
Jewellery
 l - a +3 ring of strength
 t - a +3 ring of strength
Wands
 p - a wand of lightning (7/15)
Scrolls
 k - 2 scrolls of blinking
 n - 3 scrolls of remove curse
 o - 2 scrolls of amnesia
Potions
 e - 5 potions of curing
 g - 2 potions of heal wounds
 i - 4 potions of magic
 j - a potion of berserk rage
 m - a potion of invisibility
Comestibles
 f - a bread ration


   Skills:
 + Level 5.7 Fighting
 - Level 1.5 Short Blades
 + Level 12.9 Bows
 - Level 1.2 Armour
 - Level 2.3 Dodging
 - Level 0.4 Stealth


You had 4 spell levels left.
You didn't know any spells.

Dungeon Overview and Level Annotations

Branches:
Dungeon (1/1)

Altars:
Cheibriados
Dithmenos
Elyvilon
Fedhas
Gozag
Hepliaklqana
Kikubaaqudgha
Makhleb
Nemelex Xobeh
Okawaru
Qazlal
Ru
Sif Muna
Trog
Uskayaw
Vehumet
Xom
Yredelemnul
Zin
The Shining One
Beogh
Jiyva
Lugonu


Innate Abilities, Weirdness & Mutations

You have hooves in place of feet.
Armour fits poorly on your strangely shaped body.
You cover ground very quickly.
You have extremely tough skin. (AC +3)


Message History

Okay, then.
Wield which item (- for none, * to show all)? (? for menu, Esc to quit)
q - a +0 lajatang (weapon)
You see here an uncursed staff of energy.
Items here: ))))) a +2 scimitar of draining the +2 halberd of the Fortune-Teller {chop, +Fly rPois Int+2} a +2 dire flail of crushing; a +1 broad axe of freezing a +2 rapier of electrocution You closely miss the troll.
You kick the troll, but do no damage. The troll bites you. The troll claws you.
The troll closely misses you.
You closely miss the troll. The troll bites you!
* * * LOW HITPOINT WARNING * * *
The troll claws you.
* * * LOW HITPOINT WARNING * * *
The troll claws you but does no damage.
You hit the troll but do no damage. You kick the troll.
The troll is lightly wounded.
The troll bites you!
You die... ▓▓▓▓▓▓▓▓▓▓▓▓▓▓▓▓▓▓▓▓▓▓▓▓▓▓▓▓▓ _______.____'..|@TzTo)((o(... ▓▓▓▓▓▓▓▓▓▓▓▓▓▓▓▓▓▓▓▓▓▓▓▓▓▓▓▓▓

You could see 2 trolls, an orc warrior and a wight.

Vanquished Creatures
  A centaur (D)
  A crimson imp (D)
  A quasit (D)
  A jelly (D)
  An iguana (D)
  3 giant cockroaches (D)
  A goblin (D)
  A kobold (D)
  A leopard gecko skeleton (D)
  A rat (D)
12 creatures vanquished.

Notes
Turn   | Place    | Note
-------+----------+-------------------------------------------
     0 | D        | Kakkamies the Centaur Hunter began the quest for the Orb.
     0 | D        | Reached XP level 1. HP: 17/17 MP: 1/1
    20 | D        | Reached skill level 6 in Bows
    76 | D        | Noticed an iguana
    76 | D        | Noticed a crimson imp
    76 | D        | Noticed a jelly
    94 | D        | Killed an iguana
    94 | D        | Reached skill level 8 in Bows
    94 | D        | Reached XP level 2. HP: 14/26 MP: 2/2
    94 | D        | Reached XP level 3. HP: 17/31 MP: 3/3
    98 | D        | Reached skill level 1 in Short Blades
    98 | D        | Reached skill level 9 in Bows
   104 | D        | Reached skill level 10 in Bows
   104 | D        | Reached skill level 1 in Armour
   104 | D        | Reached XP level 4. HP: 23/41 MP: 4/4
   124 | D        | Found a roughly hewn altar of Beogh.
   124 | D        | Found a snail-covered altar of Cheibriados.
   124 | D        | Found a shadowy altar of Dithmenos.
   124 | D        | Found a white marble altar of Elyvilon.
   124 | D        | Found a blossoming altar of Fedhas.
   124 | D        | Found an opulent altar of Gozag.
   125 | D        | Found a hazy altar of Hepliaklqana.
   126 | D        | Found a viscous altar of Jiyva.
   127 | D        | Found an ancient bone altar of Kikubaaqudgha.
   128 | D        | Found a corrupted altar of Lugonu.
   129 | D        | Found a burning altar of Makhleb.
   130 | D        | Found a sparkling altar of Nemelex Xobeh.
   131 | D        | Found an iron altar of Okawaru.
   132 | D        | Found a stormy altar of Qazlal.
   133 | D        | Found a sacrificial altar of Ru.
   136 | D        | Found a deep blue altar of Sif Muna.
   137 | D        | Found a bloodstained altar of Trog.
   138 | D        | Found a hide-covered altar of Uskayaw.
   139 | D        | Found a radiant altar of Vehumet.
   141 | D        | Found a shimmering altar of Xom.
   142 | D        | Found a basalt altar of Yredelemnul.
   143 | D        | Found a glowing silver altar of Zin.
   144 | D        | Found a glowing golden altar of the Shining One.
   159 | D        | Became a worshipper of Warmaster Okawaru
   299 | D        | Noticed a centaur
   299 | D        | Noticed a troll
   299 | D        | Noticed a troll
   299 | D        | Noticed an orc warrior
   315 | D        | Killed a centaur
   315 | D        | Reached skill level 5 in Fighting
   315 | D        | Reached skill level 12 in Bows
   315 | D        | Reached XP level 5. HP: 39/48 MP: 5/5
   335 | D        | Slain by a troll

Skill      XL: |  1  2  3  4 |
---------------+-------------+-----
Bows           | 8 10 12 | 12.9
Fighting       | 3 4 5 |  5.7
Dodging        | 2 |  2.3
Short Blades   | 1 |  1.5
Armour         | 1 |  1.2
Stealth        | |  0.4

Action                   |  1- 3 |  4- 6 || total
-------------------------+-------+-------++-------
Melee: Short sword       |    18 |       ||    18
       Kick              |     4 |     2 ||     6
       Lajatang          |       |     3 ||     3
 Fire: Shortbow          |    19 |    16 ||    35
  Use: Potion            |       |     2 ||     2
Armor: Leather armour    |     6 |       ||     6
       Scale mail        |       |     5 ||     5
Dodge: Dodged            |    10 |     4 ||    14
